 Dungeon Crawl Stone Soup version 0.16.1-51-g6203257 (webtiles) character file.

31 Inchmeat the Conjurer (level 3, -5/19 HPs)
             Began as a Deep Elf Conjurer on July 29, 2015.
             Killed from afar by Ijyb (6 damage)
             ... with a wand of frost
             ... on level 2 of the Dungeon.
             The game lasted 00:03:33 (1554 turns).

Inchmeat the Conjurer (Deep Elf Conjurer)           Turns: 1554, Time: 00:03:33

Health: -5/19      AC:  2    Str:  5    XL:     3   Next: 7%
Magic:  6/10       EV: 13    Int: 20    God:
Gold:   83         SH:  0    Dex: 15    Spells: 2 memorised, 5 levels left

rFire  . . .     SeeInvis .     (no weapon)
rCold  . . .     Clarity  .     a - +0 robe
rNeg   + . .     SustAb   .     (no shield)
rPois  .         Gourm    .     (no helmet)
rElec  .         Spirit   .     (no cloak)
rCorr  .         Warding  +     (no gloves)
rMut   .         Stasis   .     (no boots)
MR     .....                    d - amulet of warding
Stlth  ++........               (no ring)
                                (no ring)

@: not resistant to hostile enchantments, unstealthy
A: no striking features
a: no special abilities


You were on level 2 of the Dungeon.
You were not hungry.

You visited 1 branch of the dungeon, and saw 2 of its levels.

You collected 83 gold pieces.

Inventory:

Armour
 a - a +0 robe (worn)
Jewellery
 d - an amulet of warding (around neck)
Scrolls
 e - a scroll of random uselessness {unknown}
 f - a scroll of remove curse {unknown}
 g - 2 scrolls of magic mapping {unknown}
 l - 2 scrolls of identify {unknown}
Potions
 h - a potion of curing {unknown}
 i - a potion of heal wounds {unknown}
 k - a potion of resistance {unknown}
 m - a potion of degeneration {unknown}
 n - a potion of cure mutation {unknown}
Books
 c - a book of Conjurations

   Spells                             Type                      Level
   a - Magic Dart                     Conjuration                  1
   b - Searing Ray                    Conjuration                  2
   c - Dazzling Spray                 Conjuration/Hexes            3
   d - Fulminant Prism                Conjuration/Hexes            4
   e - Iskenderun's Mystic Blast      Conjuration                  4
   f - Iskenderun's Battlesphere      Conjuration/Charms           5
Comestibles
 b - 2 bread rations
 j - 2 chunks of flesh


   Skills:
 - Level 2.4 Dodging
 - Level 2.4 Stealth
 + Level 3.0 Spellcasting
 * Level 5.4 Conjurations


You had 5 spell levels left.
You knew the following spells:

 Your Spells              Type           Power        Failure   Level  Hunger
a - Magic Dart            Conj           ####         1%          1    None
b - Searing Ray           Conj           ####..       2%          2    ##.....


Dungeon Overview and Level Annotations

Branches:
Dungeon (2/15)

Altars:

Annotations:
D:2 Ijyb


Message History

Ijyb zaps a wand.
The puff of frost misses you.
It is a wand of frost.
Casting: Magic Dart
Confirm with . or Enter, or press ? or * to list all spells.
Aiming: Searing Ray
Press: ? - help, Shift-Dir - straight line, f/p - Ijyb
Aim: Ijyb, wielding a club and carrying a wand of frost {zapped: 1} (lightly wounded)
The searing ray hits Ijyb.
Ijyb is lightly wounded.
The searing ray hits Ijyb.
Ijyb is moderately wounded.
Ijyb zaps a wand.
The puff of frost hits you!
Ouch! That really hurt!
The searing ray hits Ijyb.
Ijyb is severely wounded.
Ijyb drinks a potion.
Ijyb is healed!
Ijyb zaps a wand.
The puff of frost hits you!
* * * LOW HITPOINT WARNING * * *
You see here 13 sling bullets.
Ijyb zaps a wand.
The puff of frost hits you!
You die...

######### #..)....#
#.#####.#####
#g..........#
#.##.##.#.#.##
#.##.##........# #
#(@.......#..... .
#.#####...#.##.# #
#.#####.....##.#.##
#...........##.# ..
########..####.####
#.............
#.##.##.......
###.##.##.......
#......##.......


You could see Ijyb.

Vanquished Creatures
  2 giant geckos (D:1)
  3 giant cockroaches (D:1)
  A goblin (D:2)
  3 hobgoblins
  4 jackals (D:1)
  A quokka (D:2)
  6 bats
  2 giant newts
  A kobold (D:1)
  5 rats
28 creatures vanquished.

Notes
Turn   | Place    | Note
--------------------------------------------------------------
     0 | D:1      | Inchmeat, the Deep Elf Conjurer, began the quest for the Orb.
     0 | D:1      | Reached XP level 1. HP: 10/10 MP: 5/5
   308 | D:1      | Reached XP level 2. HP: 13/15 MP: 0/8
   468 | D:1      | Learned a level 2 spell: Searing Ray
   664 | D:1      | Reached skill level 5 in Conjurations
  1430 | D:2      | Reached XP level 3. HP: 19/19 MP: 7/10
  1545 | D:2      | Noticed Ijyb
  1554 | D:2      | Killed from afar by Ijyb

Action                   || total
-------------------------++-------
 Cast: Magic Dart        ||    55
       Searing Ray       ||     1
  Eat: Chunk             ||     2
